General information
- name: BNet
- type: Ladder team game (AT/RT)
- host: Battle.net
- saver: noinu
map: UpperKingdom
- players: 6
- length: 09:38
- speed: Fast
- version: 1.21 W3XP
- replay type: Public
» download(46 KB)
Players
team 1 (winner)
noinu (
pink | 47 APM | 451 actions | 09:38)
2 Blademaster
1 Wind Walk
1 Critical Strike
» actions
| Assign group hotkey | 1 | |
| Basic commands | 33 | |
| Build / train | 25 | |
| Enter build submenu | 19 | |
| Enter hero's abilities submenu | 2 | |
| Right click | 93 | |
| Select / deselect | 72 | |
| Select group hotkey | 167 | |
| Use ability | 39 | |
451 total
» units
» upgrades
» buildings
| Altar of Storms | 1 | |
| Orc Burrow | 2 | |
| War Mill | 1 | |
| Watch Tower | 11 | |
| Voodoo Lounge | 1 | |
| Stronghold | 1 | |
| Beastiary | 2 | |
19 total
» build order
00:03 Altar of Storms
00:04 Orc Burrow
00:37 War Mill
01:58 Watch Tower
02:09 Watch Tower
02:21 Orc Burrow
03:11 Watch Tower
03:48 Watch Tower
04:06 Watch Tower
04:18 Voodoo Lounge
04:28 Watch Tower
04:57 Stronghold
05:25 Watch Tower
05:41 Watch Tower
06:32 Watch Tower
06:40 Watch Tower
06:57 Watch Tower
07:22 Beastiary
07:36 Beastiary
» items
| Healing Salve | 1 | |
| Lesser Clarity Potion | 2 | |
| Potion of Healing | 1 | |
| Potion of Mana | 1 | |
5 total
Panda_Slammed (
teal | 57 APM | 548 actions | 09:37)
2 Blademaster
1 Wind Walk
1 Critical Strike
» actions
| Basic commands | 96 | |
| Build / train | 28 | |
| Enter build submenu | 25 | |
| Enter hero's abilities submenu | 2 | |
| Give item / drop item | 1 | |
| Right click | 226 | |
| Select / deselect | 128 | |
| Use ability | 42 | |
548 total
» units
» upgrades
| Spiked Barricades | 1 | |
| Ranged Weapons | 1 | |
| Liquid Fire | 1 | |
3 total
» buildings
| Altar of Storms | 1 | |
| Orc Burrow | 4 | |
| War Mill | 1 | |
| Watch Tower | 13 | |
| Voodoo Lounge | 1 | |
| Stronghold | 1 | |
| Fortress | 1 | |
| Beastiary | 3 | |
25 total
» build order
00:06 Altar of Storms
00:08 Orc Burrow
00:39 War Mill
01:52 Watch Tower
01:57 Watch Tower
02:17 Orc Burrow
03:04 Watch Tower
03:05 Watch Tower
03:57 Voodoo Lounge
04:00 Watch Tower
04:01 Watch Tower
04:11 Stronghold
04:47 Watch Tower
04:48 Watch Tower
06:22 Watch Tower
06:24 Watch Tower
06:33 Fortress
06:37 Beastiary
06:44 Beastiary
06:47 Orc Burrow
07:16 Beastiary
07:35 Watch Tower
09:21 Watch Tower
09:28 Orc Burrow
09:30 Watch Tower
» items
| Lesser Clarity Potion | 3 | |
| Scroll of Speed | 1 | |
| Healing Salve | 1 | |
| Potion of Healing | 1 | |
| Potion of Mana | 1 | |
7 total
PistophChrstoph (
yellow | 47 APM | 456 actions | 09:37)
1 Mountain King
1 Storm Bolt
1 Paladin
1 Holy Light
» actions
| Assign group hotkey | 9 | |
| Basic commands | 69 | |
| Build / train | 37 | |
| Enter build submenu | 22 | |
| Enter hero's abilities submenu | 2 | |
| Right click | 134 | |
| Select / deselect | 129 | |
| Select group hotkey | 14 | |
| Use ability | 40 | |
456 total
» units
» upgrades
| Masonry | 1 | |
| Gunpowder | 1 | |
| Armor | 1 | |
| Lumber Harvesting | 1 | |
| Flare | 1 | |
| Fragmentation Shards | 1 | |
6 total
» buildings
| Farm | 3 | |
| Altar of Kings | 1 | |
| Lumber Mill | 1 | |
| Scout Tower | 18 | |
| Guard Tower | 10 | |
| Keep | 1 | |
| Blacksmith | 1 | |
| Arcane Tower | 1 | |
| Castle | 1 | |
| Workshop | 2 | |
39 total
» build order
00:05 Farm
00:07 Altar of Kings
00:45 Farm
00:51 Lumber Mill
01:24 Farm
01:38 Scout Tower
01:42 Scout Tower
02:05 Scout Tower
02:08 Scout Tower
02:15 Guard Tower
02:28 Guard Tower
02:50 Guard Tower
02:58 Scout Tower
04:04 Keep
04:08 Guard Tower
04:10 Scout Tower
04:14 Scout Tower
04:25 Scout Tower
04:27 Scout Tower
04:32 Scout Tower
04:34 Scout Tower
04:41 Blacksmith
04:43 Guard Tower
04:47 Scout Tower
04:51 Scout Tower
04:57 Guard Tower
05:03 Guard Tower
05:06 Arcane Tower
05:32 Guard Tower
06:26 Scout Tower
06:27 Scout Tower
06:29 Scout Tower
06:30 Scout Tower
06:31 Scout Tower
06:36 Castle
07:10 Guard Tower
07:23 Workshop
07:26 Workshop
08:54 Guard Tower
» items
| Healing Salve | 1 | |
| Orb of Lightning | 1 | |
2 total
team 2 (loser)
Maryanne (
green | 49 APM | 472 actions | 09:36)
1 Tauren Chieftain
1 War Stomp
» actions
| Assign group hotkey | 3 | |
| Basic commands | 9 | |
| Build / train | 26 | |
| ESC pressed | 1 | |
| Enter build submenu | 13 | |
| Enter hero's abilities submenu | 2 | |
| Right click | 166 | |
| Select / deselect | 209 | |
| Select group hotkey | 27 | |
| Use ability | 16 | |
472 total
» units
| Peon | 7 | |
| Grunt | 8 | |
| Troll Headhunter/Berserker | 3 | |
18 total
» upgrades
» buildings
| Altar of Storms | 1 | |
| Barracks | 2 | |
| Orc Burrow | 4 | |
| War Mill | 1 | |
| Voodoo Lounge | 1 | |
| Stronghold | 3 | |
| Fortress | 1 | |
| Beastiary | 1 | |
14 total
» build order
00:13 Altar of Storms
00:24 Barracks
00:45 Orc Burrow
01:51 Orc Burrow
02:26 Barracks
02:40 War Mill
04:15 Orc Burrow
04:41 Voodoo Lounge
04:52 Orc Burrow
06:46 Stronghold
06:47 Stronghold
09:11 Fortress
09:27 Beastiary
Publix (
purple | 29 APM | 272 actions | 09:28)
1 Priestess of the Moon
1 Trueshot Aura
» actions
| Assign group hotkey | 1 | |
| Basic commands | 8 | |
| Build / train | 29 | |
| Enter build submenu | 18 | |
| Enter hero's abilities submenu | 1 | |
| Right click | 96 | |
| Select / deselect | 106 | |
| Select group hotkey | 3 | |
| Use ability | 10 | |
272 total
» units
» buildings
| Altar of Elders | 1 | |
| Hunter's Hall | 1 | |
| Moon Well | 3 | |
| Ancient of War | 1 | |
| Ancient Protector | 3 | |
| Ancient of Wonders | 1 | |
| Tree of Ages | 1 | |
11 total
» build order
00:29 Altar of Elders
00:53 Hunter's Hall
01:51 Moon Well
02:12 Moon Well
02:49 Ancient of War
03:30 Ancient Protector
04:50 Moon Well
05:25 Ancient of Wonders
05:38 Tree of Ages
06:35 Ancient Protector
06:40 Ancient Protector
TwinTurbo (
orange | 35 APM | 331 actions | 09:31)
1 Lich
1 Frost Armor
» actions
| Assign group hotkey | 5 | |
| Build / train | 25 | |
| ESC pressed | 3 | |
| Enter build submenu | 10 | |
| Enter hero's abilities submenu | 1 | |
| Right click | 114 | |
| Select / deselect | 137 | |
| Select group hotkey | 19 | |
| Use ability | 17 | |
331 total
» units
| Acolyte | 9 | |
| Ghoul | 3 | |
| Crypt Fiend | 7 | |
19 total
» upgrades
» buildings
| Ziggurat | 3 | |
| Altar of Darkness | 1 | |
| Crypt | 1 | |
| Graveyard | 1 | |
| Spirit Tower | 2 | |
8 total
» build order
00:04 Ziggurat
00:09 Altar of Darkness
00:36 Crypt
01:01 Graveyard
01:25 Ziggurat
03:00 Spirit Tower
03:02 Spirit Tower
05:35 Ziggurat
Chat log
(02:56 / All) TwinTurbo: wow
(03:06 / All) TwinTurbo: thats cute
(03:43 / All) noinu: lol
(06:05 / All) TwinTurbo: lol hero ks
(06:18 / All) noinu: :'(
(08:20 / All) TwinTurbo: well played :-(
(08:44 / All) Maryanne: this is our first game ;(
(08:56 / All) Panda_Slammed: i can tell
(09:01 / All) Maryanne: ooo burn
(09:15 / All) TwinTurbo: your strat really wasnt a strat, just a hero harass that raped
(09:25 / All) PistophChrstoph: pro tip dont run into towers
(09:32 / All) noinu: our strat hasnt started yet
(09:34 / All) Maryanne: big man
(09:34 / All) noinu: fyi